 Dungeon Crawl Stone Soup version 0.22-a0-877-g5c4e1af (webtiles) character file.

965575 Amnesiac the Petrodigitator (level 27, -6/233 HPs)
             Began as a Mummy Earth Elementalist on July 29, 2018.
             Was the Champion of Vehumet.
             Killed from afar by a balrug (48 damage)
             ... with a fireball
             ... on level 16 of a ziggurat.
             The game lasted 03:27:56 (90283 turns).

Amnesiac the Petrodigitator (MuEE)                 Turns: 90283, Time: 03:27:57

Health: -6/233     AC: 11    Str: 13    XL:     27
Magic:  54/54      EV: 30    Int: 35    God:    Vehumet [******]
Gold:   7756       SH:  8    Dex: 18    Spells: 20/80 levels left

rFire    . . .     SeeInvis +   a - staff of earth
rCold    + + +     Gourm    .   j - +0 buckler {reflect}
rNeg     + + +     Faith    .   I - +2 robe {Archmagi}
rPois    ∞         Spirit   .   M - +0 helmet "Jenepuar" {Int+3}
rElec    .         Reflect  +   K - scarf {rC+ rF+}
rCorr    .         Harm     +   U - +2 pair of gloves {Dex+3}
MR       +++..                  L - +2 pair of boots {Stlth+}
Stlth    ++........             Y - amulet of harm
HPRegen  0.48/turn              k - ring "Zesoses" {rPois rC+ Int+4 SInv}
MPRegen  0.34/turn              p - +5 ring of intelligence

@: sap magic, studying 2 skills, deflect missiles
A: no food or potions, fire vulnerability, cold resistance 1, negative energy
resistance 3, torment resistance, unbreathing, in touch with death 2
0: Orb of Zot
}: 6/15 runes: serpentine, barnacled, slimy, silver, golden, iron
a: Renounce Religion


You were on level 16 of a ziggurat.
You worshipped Vehumet.
Vehumet was exalted by your worship.
You were not hungry.

You visited 15 branches of the dungeon, and saw 69 of its levels.
You visited 1 ziggurat, and saw 16 of its levels.
You also visited: Labyrinth and Ice Cave.

You collected 10079 gold pieces.
You spent 2323 gold pieces at shops.

Inventory:

Missiles
 e - 1534 stones (quivered)
Armour
 h - a +5 shield of reflection
 j - a +0 buckler of reflection (worn)
 I - a +2 robe of the Archmagi (worn)
 K - a scarf of resistance (worn)
 L - a +2 pair of boots of stealth (worn)
 M - the +0 helmet "Jenepuar" (worn) {Int+3}
   (You found it in a labyrinth)

   It affects your intelligence (+3).
 U - a +2 pair of gloves of dexterity (worn)
Magical Staves
 a - an uncursed staff of earth (weapon)
 b - an uncursed staff of energy
 W - an uncursed staff of wizardry
 X - an uncursed staff of conjuration
Jewellery
 f - an uncursed amulet of the acrobat
 k - the ring "Zesoses" (left hand) {rPois rC+ Int+4 SInv}
   (You found it on level 11 of a ziggurat)

   [ring of see invisible]

   It affects your intelligence (+4).
   It protects you from cold.
   It protects you from poison.
   It lets you see invisible.
 n - an uncursed ring of resist corrosion
 p - a +5 ring of intelligence (right hand)
 B - an uncursed ring of magical power
 R - an uncursed ring of fire
 Y - an amulet of harm (around neck)
Wands
 s - a wand of digging (42)
 w - a wand of enslavement (24)
 y - a wand of iceblast (37)
 A - a wand of disintegration (76)
 O - a wand of acid (19)
 P - a wand of paralysis (58)
 Q - a wand of clouds (3)
Scrolls
 g - 6 scrolls of blinking {!r}
 i - 10 scrolls of fear {!r}
 l - 18 scrolls of teleportation {!r}
 m - 27 scrolls of remove curse {!r}
 o - 10 scrolls of fog {!r}
 q - 3 scrolls of enchant armour {!r}
 r - 3 scrolls of vulnerability {!r}
 v - 12 scrolls of amnesia {!r}
 C - 5 scrolls of silence {!r}
 G - 2 scrolls of torment {!r}
Books
 F - a manual of Crossbows
 T - a manual of Air Magic
Miscellaneous
 c - 6 boxes of beasts
 d - a phial of floods
 u - a lamp of fire
 z - a crystal ball of energy
 D - 7 phantom mirrors
 E - a fan of gales
 N - 6 sacks of spiders
 V - a lightning rod (4/4)
 Z - the horn of Geryon


   Skills:
 * Level 22.6 Fighting
 - Level 12.0 Staves
 + Level 21.5 Dodging
 - Level 4.0 Stealth
 - Level 15.0 Shields
 O Level 27 Spellcasting
 - Level 11.0 Conjurations
 - Level 4.0 Charms
 - Level 1.0 Necromancy
 - Level 4.0 Transmutations
 - Level 4.0 Air Magic
 O Level 27 Earth Magic
 + Level 16.0 Evocations


You had 20 spell levels left.
You knew the following spells:

 Your Spells              Type           Power        Failure   Level  Hunger
a - Iron Shot             Conj/Erth      #########.   1%          6    N/A
b - Passwall              Tmut/Erth      ########     0%          2    N/A
c - Sandblast             Erth           ######       0%          1    N/A
d - Lee's Rapid Deconstr  Erth           #########.   0%          5    N/A
e - Shatter               Erth           #########.   1%          9    N/A
f - Orb of Destruction    Conj           ########..   1%          7    N/A
g - Petrify               Tmut/Erth      ########     0%          4    N/A
i - Lehudib's Crystal Sp  Conj/Erth      #########.   1%          8    N/A
q - Borgnjor's Vile Clut  Necr/Erth      #########.   1%          5    N/A
v - Blink                 Tloc           N/A          1%          2    N/A
w - Irradiate             Conj/Tmut      #######...   1%          5    N/A
z - Deflect Missiles      Chrm/Air       #######...   13%         6    N/A

Your spell library contained the following spells:

 Spells                   Type           Power        Failure   Level  Hunger
 Cause Fear               Hex            ######....   4%          4    N/A
 Magic Dart               Conj           ####         0%          1    N/A
 Fireball                 Conj/Fire      #######...   1%          5    N/A
 Apportation              Tloc           ######       1%          1    N/A
 Conjure Flame            Conj/Fire      #######.     1%          3    N/A
 Bolt of Fire             Conj/Fire      #######...   1%          6    N/A
 Bolt of Cold             Conj/Ice       #######...   1%          6    N/A
 Bolt of Magma            Conj/Fire/Erth ########..   1%          5    N/A
 Slow                     Hex            ######..     1%          2    N/A
 Confuse                  Hex            ######..     1%          3    N/A
 Throw Flame              Conj/Fire      ######       1%          2    N/A
 Controlled Blink         Tloc           N/A          100%        8    N/A
 Freezing Cloud           Conj/Ice/Air   #######...   2%          6    N/A
 Mephitic Cloud           Conj/Pois/Air  #######.     1%          3    N/A
 Ring of Flames           Chrm/Fire      #######...   85%         7    N/A
 Venom Bolt               Conj/Pois      #######...   1%          5    N/A
 Summon Small Mammal      Summ           ####         1%          1    N/A
 Bolt of Draining         Conj/Necr      ########..   1%          5    N/A
 Fire Storm               Conj/Fire      #######...   100%        9    N/A
 Iskenderun's Mystic Bla  Conj           ########     1%          4    N/A
 Summon Horrible Things   Summ           ######....   100%        8    N/A
 Animate Dead             Necr           N/A          2%          4    N/A
 Pain                     Necr           ####         1%          1    N/A
 Animate Skeleton         Necr           N/A          1%          1    N/A
 Vampiric Draining        Necr           ########..   1%          3    N/A
 Ozocubu's Refrigeration  Ice            ######....   17%         6    N/A
 Sticky Flame             Conj/Fire      #######.     1%          4    N/A
 Summon Ice Beast         Ice/Summ       ######..     4%          4    N/A
 Call Imp                 Summ           ######..     1%          2    N/A
 Dispel Undead            Necr           ########     8%          5    N/A
 Poison Arrow             Conj/Pois      #######...   1%          6    N/A
 Regeneration             Chrm/Necr      ########..   1%          3    N/A
 Sublimation of Blood     Necr           ########..   1%          2    N/A
 Tukima's Dance           Hex            ######..     1%          3    N/A
 Summon Demon             Summ           ######....   12%         5    N/A
 Summon Greater Demon     Summ           ######....   98%         7    N/A
 Corpse Rot               Necr           N/A          1%          2    N/A
 Stone Arrow              Conj/Erth      ######       0%          3    N/A
 Swiftness                Chrm/Air       #######.     1%          2    N/A
 Recall                   Summ/Tloc      N/A          1%          3    N/A
 Agony                    Necr           ########     8%          5    N/A
 Spider Form              Tmut/Pois      #######...   1%          3    N/A
 Blade Hands              Tmut           #######...   2%          5    N/A
 Statue Form              Tmut/Erth      #########    1%          6    N/A
 Ice Form                 Ice/Tmut       #######.     1%          4    N/A
 Dragon Form              Tmut           #######...   56%         7    N/A
 Death Channel            Necr           ########..   41%         6    N/A
 Throw Icicle             Conj/Ice       #######.     1%          4    N/A
 Glaciate                 Conj/Ice       #######...   100%        9    N/A
 Shadow Creatures         Summ           N/A          54%         6    N/A
 Confusing Touch          Hex            ######       1%          1    N/A
 Flame Tongue             Conj/Fire      #####        1%          1    N/A
 Ignite Poison            Fire/Tmut/Pois ######..     1%          3    N/A
 Sticks to Snakes         Tmut           #######.     1%          2    N/A
 Call Canine Familiar     Summ           ######..     1%          3    N/A
 Ensorcelled Hibernation  Hex/Ice        ######       1%          2    N/A
 Metabolic Englaciation   Hex/Ice        ######....   12%         5    N/A
 Summon Butterflies       Summ           ######..     1%          1    N/A
 Silence                  Hex/Air        #######...   5%          5    N/A
 Dispersal                Tloc           ######....   54%         6    N/A
 Static Discharge         Conj/Air       ########     1%          3    N/A
 Corona                   Hex            ######.      1%          1    N/A
 Simulacrum               Ice/Necr       ########..   47%         6    N/A
 Chain Lightning          Conj/Air       ########..   32%         8    N/A
 Excruciating Wounds      Chrm/Necr      ########..   4%          5    N/A
 Portal Projectile        Hex/Tloc       ######       1%          3    N/A
 Monstrous Menagerie      Summ           ######....   98%         7    N/A
 Malign Gateway           Summ/Tloc      ######....   98%         7    N/A
 Leda's Liquefaction      Hex/Erth       ########..   0%          4    N/A
 Summon Hydra             Summ           ######....   98%         7    N/A
 Darkness                 Hex            ######....   54%         6    N/A
 Shroud of Golubria       Chrm/Tloc      #######...   1%          2    N/A
 Inner Flame              Hex/Fire       ######..     1%          3    N/A
 Aura of Abjuration       Summ           ######....   12%         5    N/A
 Beastly Appendage        Tmut           ######       1%          1    N/A
 Disjunction              Tloc           ######....   100%        8    N/A
 Iskenderun's Battlesphe  Conj/Chrm      #######.     1%          5    N/A
 Fulminant Prism          Conj/Hex       #######...   1%          4    N/A
 Dazzling Spray           Conj/Hex       ######       1%          3    N/A
 Force Lance              Conj/Tloc      #######.     1%          4    N/A
 Infusion                 Chrm           ####         1%          1    N/A
 Song of Slaying          Chrm           #######.     1%          2    N/A
 Spectral Weapon          Hex/Chrm       #######.     1%          3    N/A
 Searing Ray              Conj           ######       0%          2    N/A
 Discord                  Hex            ######....   100%        8    N/A
 Summon Forest            Summ/Tloc      ######....   12%         5    N/A
 Dragon's Call            Summ           ######....   100%        9    N/A
 Spellforged Servitor     Conj/Summ      #######...   11%         7    N/A
 Summon Mana Viper        Hex/Summ       ######..     12%         5    N/A
 Hydra Form               Tmut           #######...   13%         6    N/A
 Gell's Gravitas          Tloc           ######....   1%          3    N/A
 Yara's Violent Unravell  Hex/Tmut       #######...   1%          5    N/A
 Poisonous Vapours        Pois/Air       ######       1%          2    N/A
 Ignition                 Fire           ######....   99%         8    N/A

Dungeon Overview and Level Annotations

Branches:
Dungeon (15/15)            Temple (1/1) D:7            Lair (6/6) D:11
 Shoals (4/4) Lair:4        Snake (4/4) Lair:4        Slime (5/5) Lair:5
    Orc (2/2) D:11            Elf (3/3) Orc:2        Vaults (5/5) D:13
  Crypt (3/3) Vaults:3       Tomb (3/3) Crypt:3      Depths (5/5) D:15
   Hell (1/1)                 Dis (7/7) Hell            Geh (0/7) Hell
    Coc (0/7) Hell            Tar (0/7) Hell            Zot (5/5) Depths:5

Altars:
Ashenzari
Cheibriados
Dithmenos
Elyvilon
Fedhas
Gozag
Kikubaaqudgha
Makhleb
Nemelex Xobeh
Trog
Vehumet
Xom
Yredelemnul
Zin
Jiyva

Shops:
D:4 [   D:7 [   D:13 }*   D:15 *:[%!   Orc:2 *[%*[   Elf:3 %}([   Snake:4 %(:}
Vaults:2 (

Portals:
Hell: Depths:1 Depths:4
Ziggurat: Depths:1

Annotations:
Orc:1 exclusion: downstairs
Crypt:1 2 transporters


Innate Abilities, Weirdness & Mutations

You do not eat or drink.
Your flesh is vulnerable to fire.
You are immune to poison.
Your flesh is cold resistant. (rC+)
You are immune to negative energy. (rN+++)
You are immune to unholy pain and torment.
You can survive without breathing.
You are strongly in touch with the powers of death.


Message History

Aim: an efreet, wielding a scimitar of flaming (chance to defeat MR: 80%)
The efreet suddenly stops moving!
The helpless efreet fails to defend itself.
You hit the efreet but do no damage. You crush the efreet!
The efreet is lightly wounded.
The helpless efreet fails to defend itself.
You hit the efreet. You crush the efreet!
The efreet is severely wounded.
The helpless efreet fails to defend itself.
You hit the efreet but do no damage.
You kill the efreet!
Vehumet accepts your kill.
An Executioner comes into view.
A gelid warmonger comes into view.
It is wielding a demon blade of flaming.
Unknown command.
The gelid warmonger mumbles some strange prayers to its god against you.
Your magic feels tainted.
A sixfirhy comes into view.
A sixfirhy comes into view.
A balrug comes into view.
It is wielding a demon whip of electrocution.
The balrug shouts!
Casting: Iron Shot (safe; 1% risk of failure)
Confirm with . or Enter, or press ? or * to list all spells.
You feel a strong surge of power!
The dungeon rumbles!
The balrug is severely wounded.
You kill the sixfirhy!
Vehumet accepts your kill.
You feel your power returning.
The gelid warmonger is almost dead.
You kill the sixfirhy!
Vehumet accepts your kill.
You feel your power returning.
You hear a hideous shriek!
You hear a shout! x2; You hear a croak.
You hear a shout! x3
Something shouts, "Accept thy failure, thou lumpish flammable bugbear!"
You hear a roar! x2; You hear a shout!
You hear a roar!
You hear a shout!
You hear a croak.
You hear a shout!
You hear a hideous shriek!
You hear a shout! x5; You hear a hideous shriek!
A sixfirhy comes into view.
The balrug gestures at you.
The fireball explodes!
The fireball engulfs you!
* * * LOW HITPOINT WARNING * * *
A great orb of eyes comes into view.
Unknown command.
Casting: Shatter (safe; 1% risk of failure)
Confirm with . or Enter, or press ? or * to list all spells.
You feel a strong surge of power!
The dungeon rumbles!
The balrug is almost dead.
The great orb of eyes is moderately wounded.
You kill the gelid warmonger!
Vehumet accepts your kill.
You feel your power returning.
You kill the Executioner!
Vehumet accepts your kill.
You feel your power returning.
You kill the sixfirhy!
Vehumet accepts your kill.
You feel your power returning.
You hear a shout!
The balrug gestures at you.
The fireball explodes!
The fireball engulfs you!
You die...

▓▓▓ ....▓▓
......▓▓▓
.......@▓▓
..2......▓▓
..........▓▓
...........▓
...........▓▓
.......G....▓
.......)....▓
#...........▓▓
........)∩..▓


You could see a balrug and a great orb of eyes.

Vanquished Creatures
  the Royal Jelly (Slime:5)
  16 pandemonium lords
  Dispater (Dis:7)
  6 orbs of fire (Zot:5)
  Mennas (Crypt:1)
  6 ancient liches
  A juggernaut (Depths:4)
  39 greater mummies
  Boris (Vaults:2)
  Bai Suzhen (Crypt:1)
  Vashnia (Snake:3)
  Margery (Vaults:3)
  3 curse toes
  7 Killer Klowns
  2 caustic shrikes
  Geryon (Hell)
  6 golden dragons
  Jory (Vaults:3)
  A bone dragon (Depths:5)
  A profane servitor (Depths:1)
  11 iron giants
  3 Brimstone Fiends
  An iron giant (shapeshifter) (Vaults:5)
  3 Tzitzimimeh
  A hellephant (Hell)
  4 electric golems
  13 tentacled monstrosities
  11 liches
  The ghost of MothsLongingForFire the Warrior, an adept DsMo of Yredelemnul (Vaults:4)
  Jorgrun (Elf:2)
  12 Hell Sentinels
  45 Orb Guardians
  8 titans
  The ghost of Moirulut the Tortoise, an adept GrFi of Makhleb (Vaults:3)
  6 Ice Fiends
  3 deep elf master archers (Elf:3)
  3 deep elf blademasters
  A kraken (Shoals:2)
  8 quicksilver dragons
  19 acid blobs
  A tentacled starspawn (Zig:4)
  Polyphemus (Shoals:4)
  4 Executioners
  Kirke (D:14)
  8 death cobs
  8 shadow dragons
  Agnes (D:14)
  26 ancient champions
  A tengu reaver (Vaults:5)
  9 draconian monks
  9 sphinxes
  5 nagarajas
  10 storm dragons
  Roxanne (D:14)
  Donald (Orc:2)
  5 warmongers
  20 azure jellies
  5 revenants
  8 fire giants
  4 balrugs
  12 deep elf sorcerers (Elf:3)
  A daeva (Zig:14)
  14 vault wardens
  5 draconian knights
  8 draconian scorchers
  3 ghouls (Crypt:1)
  7 cacodemons
  Aizul (Vaults:2)
  An emperor scorpion (shapeshifter) (Zig:15)
  A frost giant (shapeshifter) (Zig:15)
  2 ghost moths (Zot:5)
  8 iron dragons
  4 frost giants
  5 draconian shifters
  An angel (Zig:14)
  4 deep elf elementalists
  6 curse skulls
  3 draconian stormcallers
  14 draconian annihilators
  20 ironheart preservers
  8 war gargoyles
  24 reapers
  4 entropy weavers
  19 very ugly things
  An entropy weaver (shapeshifter) (Vaults:5)
  7 vampire knights
  22 stone giants
  Nessos (D:14)
  2 blood saints
  2 corrupters
  7 deep elf demonologists
  8 green draconians
  10 white draconians
  14 deep elf annihilators
  8 yellow draconians
  Azrael (D:14)
  12 bennus
  2 black suns (Zig:11)
  11 black draconians
  6 lorocyprocas
  9 purple draconians
  A minotaur (Lab)
  5 spark wasps (Zig:13)
  6 eidola
  6 red draconians
  5 merfolk javelineers
  5 green deaths
  9 deep elf death magi
  3 blizzard demons
  2 quicksilver dragon zombies
  4 fire dragons
  11 merfolk impalers
  12 ettins
  Snorg (D:10)
  12 jiangshi
  19 mummy priests
  9 death oozes
  6 deep elf high priests (Elf:3)
  8 yaktaur captains
  Fannar (Orc:1)
  27 vault guards
  5 rakshasas
  7 ice dragons
  16 naga warriors
  Harold (D:6)
  23 ogre magi
  An anaconda (shapeshifter) (Vaults:2)
  4 hydras
  3 hell beasts
  The ghost of emiel the Geomancer, a journeyman FoEE of Cheibriados (D:11)
  4 spriggan air magi
  2 alligator snapping turtles (Shoals:4)
  15 great orbs of eyes
  6 centaur warriors
  A ghost crab (Zig:5)
  2 catoblepae
  7 merfolk aquamancers
  4 merfolk avatars
  2 tengu warriors (Depths:1)
  12 anacondas
  An alligator (Zig:5)
  56 two-headed ogres
  25 dancing weapons
  A two-headed ogre (shapeshifter) (Zig:12)
  7 death knights
  2 satyrs (Shoals:4)
  8 deep troll earth magi
  28 death scarabs
  9 deep troll shamans
  4 death yaks
  13 hell hogs
  A spriggan berserker (Depths:3)
  7 vampire magi
  A thrashing horror (Zig:8)
  10 shock serpents
  20 naga sharpshooters
  7 titan zombies
  5 soul eaters
  4 orc high priests
  6 salamander mystics
  A spriggan (Zig:5)
  6 iron golems
  12 deep elf knights
  12 sun demons
  A wretched star (Zig:4)
  18 hell knights
  11 iron trolls (Dis:7)
  13 sixfirhies
  A fire crab (shapeshifter) (Zig:15)
  2 ghost moth zombies
  6 shadow wraiths
  63 skeletal warriors
  A death drake (shapeshifter) (Elf:3)
  A cherub (Zig:9)
  18 sea snakes
  A storm dragon skeleton (Dis:5)
  44 deep trolls
  3 glowing orange brains
  15 flayed ghosts
  A titan skeleton (Dis:5)
  5 shadow demons
  7 anaconda zombies
  16 ironbrand convokers
  3 golden dragon zombies
  5 unseen horrors
  A kraken simulacrum (Shoals:4)
  5 wizards
  A sea snake (shapeshifter) (Zig:15)
  A swamp dragon (Zig:5)
  7 naga ritualists
  3 gelid demonspawn
  2 shadow dragon zombies
  4 infernal demonspawn
  5 starcursed masses (Zig:8)
  Pikel (D:7)
  2 wolf spider zombies
  27 harpies
  28 phantasmal warriors
  10 deep elf archers
  12 necromancers
  19 orc knights
  3 frost giant zombies
  A mana viper (shapeshifter) (Depths:1)
  A golden dragon skeleton (Crypt:3)
  3 iron dragon zombies
  8 orc sorcerers
  38 ugly things
  3 fire giant zombies
  5 human zombies
  An anaconda skeleton (Crypt:3)
  18 salamanders
  10 manticores
  2 shadow dragon skeletons
  A faun (shapeshifter) (Zig:8)
  49 deep elf magi
  10 mana vipers
  12 cyclopes
  A manticore (shapeshifter) (D:15)
  A shining eye (shapeshifter) (Zig:15)
  A wolf spider (shapeshifter) (Zig:12)
  10 shining eyes
  4 oklob plants (Lair:2)
  5 wolf spiders
  3 stone giant zombies
  11 fauns
  A moth of wrath (shapeshifter) (Vaults:2)
  A salamander (shapeshifter) (Vaults:4)
  17 moths of wrath
  2 apocalypse crabs (Zig:15)
  A sphinx skeleton (Zig:10)
  6 guardian serpents
  2 human skeletons (Vaults:4)
  34 black mambas
  3 ice statues
  A black mamba (shapeshifter) (Vaults:3)
  3 dire elephant zombies
  5 water nymphs
  8 merfolk sirens
  2 torpor snails
  38 rust devils
  Maurice (D:10)
  14 vault sentinels
  A frost giant skeleton (Tomb:2)
  30 naga magi
  2 yaktaur zombies
  11 smoke demons
  A stone giant skeleton (Vaults:4)
  7 gargoyles
  20 spiny frogs
  An eye of devastation (Slime:3)
  7 large abominations
  An emperor scorpion zombie (Dis:7)
  11 orange demons
  A white draconian zombie (Crypt:2)
  21 yaktaurs
  22 hellions
  7 rime drakes
  5 anaconda simulacra (IceCv)
  32 ice devils
  3 kobold demonologists
  11 komodo dragons
  23 tormentors
  22 red devils
  22 freezing wraiths
  2 efreet
  A catoblepas skeleton (Crypt:1)
  15 hellwings
  15 trolls
  2 hydra zombies (Hell)
  2 golden dragon simulacra (IceCv)
  A jumping spider (shapeshifter) (Vaults:5)
  53 guardian mummies
  33 merfolk
  3 meliai (D:13)
  Prince Ribbit (D:8)
  2 wind drakes (Shoals:4)
  9 hornets
  Grinder (D:6)
  A wolf spider simulacrum (IceCv)
  A polar bear (Lair:4)
  4 tyrant leeches (Lair:6)
  3 fire dragon zombies
  A wind drake (shapeshifter) (Zig:15)
  A raiju (shapeshifter) (Elf:1)
  6 snapping turtles
  4 hydra skeletons
  A blink frog (shapeshifter) (D:15)
  6 dream sheep
  An ice dragon zombie (Dis:4)
  16 blink frogs
  2 bog bodies (Crypt:1)
  3 raiju
  13 hippogriffs
  An ettin zombie (Dis:7)
  An alligator zombie (Hell)
  118 slime creatures
  8 flying skulls
  An alligator skeleton (Hell)
  2 ettin skeletons
  An ice dragon skeleton (Hell)
  A redback (shapeshifter) (Elf:1)
  5 redbacks
  2 air elementals (Zig:13)
  14 shadows
  12 fire elementals
  A tarantella (Vaults:1)
  A tarantella (shapeshifter) (Vaults:5)
  3 wyverns
  3 dire elephant simulacra (IceCv)
  3 small abominations
  9 ushabtiu
  6 vampires
  4 basilisks
  A black mamba skeleton (Tomb:3)
  28 wraiths
  6 ynoxinuls
  14 golden eyes
  24 water elementals
  7 hogs (D:14)
  28 yaks
  15 vampire mosquitoes
  A steam dragon (D:8)
  4 hungry ghosts
  11 chaos spawn
  3 neqoxecs
  A death yak simulacrum (IceCv)
  A catoblepas simulacrum (Hell)
  Menkaure (D:6)
  4 wargs
  59 nagas
  Edmund (D:4)
  5 harpy simulacra (IceCv)
  A monstrous demonspawn zombie (Crypt:1)
  3 spiny frog zombies
  6 insubstantial wisps (Zig:13)
  6 water moccasins
  A glowing shapeshifter zombie (Crypt:2)
  An acid dragon (Vaults:2)
  3 iron troll simulacra (IceCv)
  28 hell hounds
  2 hydra simulacra
  7 porcupines
  A floating eye (shapeshifter) (Zig:12)
  A slave (D:7)
  A spiny frog skeleton (Tomb:2)
  A black bear (shapeshifter) (Vaults:3)
  10 eyes of draining
  3 phantoms
  37 orc warriors
  An ice beast (D:15)
  3 sky beasts
  A snapping turtle zombie (Crypt:3)
  2 necrophages (Crypt:1)
  An ogre (shapeshifter) (Vaults:2)
  4 black bears
  A manticore zombie (Crypt:3)
  8 wolves
  60 ogres
  A swamp dragon skeleton (Tomb:2)
  10 centaurs
  A lindwurm skeleton (Crypt:1)
  13 boggarts
  A snapping turtle skeleton (Crypt:3)
  An elf zombie (Elf:1)
  11 crocodiles
  13 big kobolds
  An earth elemental (Zig:9)
  33 bullfrogs
  A water moccasin zombie (D:11)
  A spiny frog simulacrum (Hell)
  4 scorpions
  A wyvern skeleton (D:14)
  A spriggan zombie (Dis:7)
  12 killer bees (D:10)
  A spriggan skeleton (Lab)
  13 wights
  2 human simulacra
  A howler monkey (shapeshifter) (Vaults:2)
  A troll skeleton (Lab)
  3 electric eels
  9 crimson imps
  7 howler monkeys
  2 bullfrog zombies
  4 centaur zombies
  2 hounds
  3 jellies
  5 quasits
  4 draconian simulacra (IceCv)
  10 orc priests
  4 centaur skeletons
  30 iron imps
  25 orc wizards
  3 bullfrog skeletons
  6 iguanas
  2 troll simulacra (IceCv)
  12 worker ants
  A polar bear simulacrum (IceCv)
  A naga zombie (Dis:6)
  A hound zombie (D:10)
  A felid skeleton (Crypt:2)
  A demigod skeleton (Crypt:1)
  37 mummies
  A worker ant zombie (D:8)
  Robin (D:2)
  5 gnolls
  A howler monkey skeleton (D:10)
  A naga simulacrum (IceCv)
  8 adders
  2 shadow imps
  A steam dragon skeleton (Crypt:2)
  A swamp drake skeleton (Crypt:1)
  13 white imps
  11 ufetubi
  An adder skeleton (D:8)
  3 worms
  A barachi skeleton (Crypt:2)
  5 dart slugs
  9 leopard geckos
  96 orcs
  11 bats
  4 giant cockroaches
  15 goblins
  13 hobgoblins
  10 jackals
  4 quokkas
  3 frilled lizards
  19 kobolds
  A kobold skeleton (Crypt:1)
  An orc skeleton (Crypt:1)
  9 rats
  5 bushes (Lair:6)
  9 fungi
  75 plants
  A tentacle (Shoals:2)
  10 withered plants (Crypt:3)
3608 creatures vanquished.

Vanquished Creatures (collateral kills)
  2 guardian mummies (Tomb:3)
2 creatures vanquished.

Vanquished Creatures (others)
  A curse toe (Zot:5)
  Nikola (Elf:1)
  An ancient champion (Tomb:3)
  A stone giant (Depths:5)
  17 death scarabs
  A cherub (Zig:11)
  A deep elf mage (Elf:1)
  A cyclops (Shoals:3)
  A moth of wrath (Zot:5)
  A large abomination (Elf:1)
  A manticore zombie (Tomb:3)
  5 fungi
  33 plants
  3 tentacles (Shoals:2)
  12 withered plants (Crypt:3)
80 creatures vanquished.

Grand Total: 3690 creatures vanquished

Notes
Turn   | Place    | Note
-------+----------+-------------------------------------------
     0 | D:1      | Amnesiac the Mummy Earth Elementalist began the quest for the Orb.
     0 | D:1      | Reached XP level 1. HP: 13/13 MP: 4/4
   178 | D:3      | Reached XP level 2. HP: 11/19 MP: 5/5
   793 | D:3      | Reached XP level 3. HP: 11/24 MP: 3/7
  1059 | D:4      | Learned a level 2 spell: Passwall
  1063 | D:4      | Learned a level 3 spell: Stone Arrow
  1104 | D:4      | Found Bugoivvu's Antique Armour Shoppe.
  1252 | D:4      | Reached XP level 4. HP: 30/30 MP: 3/9
  1259 | D:4      | Learned a level 4 spell: Petrify
  1698 | D:4      | Noticed Edmund
  2081 | D:4      | Reached XP level 5. HP: 35/35 MP: 8/11
  2302 | D:5      | Entered Level 5 of the Dungeon
  2313 | D:5      | Got a jewelled halberd
  2487 | D:5      | Noticed a sky beast
  2492 | D:5      | Killed a sky beast
  2492 | D:5      | Reached skill level 5 in Spellcasting
  2492 | D:5      | Reached skill level 5 in Earth Magic
  2492 | D:5      | Reached XP level 6. HP: 41/41 MP: 7/13
  2499 | D:5      | Learned a level 5 spell: Lee's Rapid Deconstruction
  2502 | D:5      | Found an opulent altar of Gozag.
  3041 | D:6      | Noticed a sky beast
  3118 | D:6      | Found a snail-covered altar of Cheibriados.
  3253 | D:6      | Killed a sky beast
  3253 | D:6      | Reached XP level 7. HP: 43/46 MP: 6/15
  3631 | D:6      | Noticed Grinder
  3777 | D:6      | Killed Grinder
  3895 | D:6      | Reached XP level 8. HP: 52/52 MP: 2/18
  4571 | D:6      | Noticed Menkaure
  4582 | D:6      | Killed Menkaure
  5557 | D:7      | Found Ocwen's Antique Armour Boutique.
  5639 | D:7      | Noticed Pikel
  5647 | D:7      | Killed Pikel
  5647 | D:7      | Reached XP level 9. HP: 28/57 MP: 0/21
  5879 | D:7      | Noticed Harold
  6051 | D:7      | Found a staircase to the Ecumenical Temple.
  6122 | Temple   | Entered the Ecumenical Temple
  6161 | Temple   | Became a worshipper of Vehumet
  6427 | D:4      | Killed Edmund
  7168 | D:1      | Reached * piety under Vehumet
  7168 | D:1      | Offered knowledge of Freeze by Vehumet.
  7701 | D:2      | Noticed Robin
  7705 | D:2      | Killed Robin
  8090 | D:3      | Offered knowledge of Throw Flame by Vehumet.
  8370 | D:3      | Reached ** piety under Vehumet
  8670 | D:7      | Reached skill level 1 in Shields
  9262 | D:8      | Offered knowledge of Throw Frost by Vehumet.
  9326 | D:8      | Reached skill level 10 in Spellcasting
  9326 | D:8      | Reached skill level 10 in Earth Magic
  9326 | D:8      | Reached XP level 10. HP: 46/63 MP: 3/24
  9377 | D:8      | Noticed Prince Ribbit
  9383 | D:8      | Killed Prince Ribbit
  9443 | D:8      | Found a basalt altar of Yredelemnul.
  9444 | D:8      | Found a shattered altar of Ashenzari.
  9468 | D:8      | Noticed a two-headed ogre
  9475 | D:8      | Killed a two-headed ogre
  9801 | D:9      | Reached *** piety under Vehumet
  9867 | D:9      | Found a shimmering altar of Xom.
  9867 | D:9      | Found a shimmering altar of Xom.
 10165 | D:9      | Offered knowledge of Force Lance by Vehumet.
 10408 | D:10     | Entered Level 10 of the Dungeon
 10431 | D:10     | Noticed Snorg
 10436 | D:10     | Killed Snorg
 10899 | D:10     | Noticed Maurice
 10902 | D:10     | Killed Maurice
 10992 | D:10     | Killed an unseen horror
 10992 | D:10     | Reached XP level 11. HP: 27/68 MP: 12/26
 11239 | D:10     | Reached **** piety under Vehumet
 11484 | D:10     | Offered knowledge of Dazzling Spray by Vehumet.
 11674 | D:11     | Found a staircase to the Orcish Mines.
 12202 | D:11     | Reached ***** piety under Vehumet
 12427 | D:11     | Offered knowledge of Bolt of Fire by Vehumet.
 12516 | D:11     | Killed an unseen horror
 12660 | D:11     | Found a staircase to the Lair.
 12782 | D:11     | Reached skill level 1 in Fighting
 13154 | D:11     | Found a runed gate.
 13155 | D:11     | Found a runed gate.
 13155 | D:11     | Noticed emiel's ghost (journeyman FoEE)
 13156 | D:11     | Found a runed gate.
 13331 | D:11     | Killed emiel's ghost
 13442 | Orc:1    | Entered Level 1 of the Orcish Mines
 13513 | Orc:1    | Reached XP level 12. HP: 80/80 MP: 25/28
 13596 | Orc:1    | Noticed Fannar
 13602 | Orc:1    | Killed Fannar
 13871 | Orc:2    | Entered Level 2 of the Orcish Mines
 14155 | Orc:2    | Noticed an ettin
 14581 | D:12     | Noticed a rakshasa
 14795 | D:12     | Killed a rakshasa
 15185 | D:12     | Noticed a death knight
 15450 | D:12     | Reached skill level 1 in Evocations
 15992 | D:13     | Noticed a centaur warrior
 16004 | D:13     | Killed a centaur warrior
 16858 | D:12     | Killed a death knight
 16973 | D:13     | Found Duexuro's Serpentskin Sales.
 16987 | D:13     | Gained mutation: You are in touch with the powers of death. [Mummy growth]
 16987 | D:13     | Reached XP level 13. HP: 69/88 MP: 10/30
 17002 | D:13     | Offered knowledge of Iron Shot by Vehumet.
 17013 | D:13     | Learned a level 6 spell: Iron Shot
 17203 | D:13     | Found a gate to the Vaults.
 17297 | D:13     | Found Rilehayw's Gadget Shoppe.
 18091 | D:14     | Noticed Nessos
 18128 | D:14     | Killed Nessos
 18218 | D:14     | Noticed Kirke
 18231 | D:14     | Killed Kirke
 18806 | D:14     | Noticed Roxanne
 18811 | D:14     | Killed Roxanne
 18904 | D:14     | Learned a level 9 spell: Shatter
 19182 | D:14     | Noticed Agnes
 19183 | D:14     | Noticed Azrael
 19332 | D:14     | Learned a level 5 spell: Irradiate
 20013 | D:14     | Killed Agnes
 20122 | D:14     | Killed Azrael
 20238 | D:15     | Entered Level 15 of the Dungeon
 20243 | D:15     | Reached skill level 1 in Conjurations
 20886 | D:15     | Reached XP level 14. HP: 95/95 MP: 20/32
 20896 | D:15     | Reached skill level 15 in Earth Magic
 21023 | D:15     | Found a sparkling altar of Nemelex Xobeh.
 21042 | D:15     | Found Ukaumotu's Distillery.
 21057 | D:15     | Found Kishruf's Food Shop.
 21229 | D:15     | Reached skill level 15 in Spellcasting
 21322 | D:15     | Found Gosh's Antique Armour Emporium.
 21915 | D:15     | Found Kuguor's Book Emporium.
 21960 | D:15     | Found a staircase to the Depths.
 21991 | D:15     | Found Muaduth's Assorted Antiques.
 27254 | Lair:1   | Entered Level 1 of the Lair of Beasts
 28061 | Lair:2   | Offered knowledge of Ozocubu's Refrigeration by Vehumet.
 28338 | Lair:2   | Learned a level 5 spell: Borgnjor's Vile Clutch
 28777 | Lair:2   | Reached skill level 1 in Transmutations
 28968 | Lair:2   | Identified the Incunabulum of Combat Magic and Stolen Souls
 31007 | Lair:4   | Got an ancient leather armour
 31105 | Lair:4   | Found a staircase to the Shoals.
 31300 | Lair:4   | Found a staircase to the Snake Pit.
 31708 | Lair:5   | Found a labyrinth entrance.
 31713 | Lair:5   | Offered knowledge of Venom Bolt by Vehumet.
 31724 | Lab      | Entered a labyrinth
 32015 | Lab      | Got a smoking helmet
 32026 | Lab      | Identified the cursed +0 leather armour "Nesut" {Regen+ Str+2 Int+2} (You found it on level 4 of the Lair of Beasts)
 32036 | Lab      | Identified the +0 helmet "Jenepuar" {Int+3} (You found it in a labyrinth)
 32184 | Lair:5   | Reached XP level 15. HP: 100/100 MP: 26/35
 32485 | Lair:5   | Found a staircase to the Slime Pits.
 32946 | Slime:1  | Entered Level 1 of the Pits of Slime
 33134 | Lair:6   | Entered Level 6 of the Lair of Beasts
 34513 | Lair:6   | Identified the Disquisition on Evil Companions
 34524 | Lair:6   | Reached skill level 1 in Necromancy
 34528 | Lair:6   | Got an encrusted war axe
 35025 | Lair:6   | Got a shimmering halberd
 35119 | Lair:6   | Identified the +3 war axe of Ityrghops {freeze, Str+2 Int+3} (You found it on level 6 of the Lair of Beasts)
 35170 | Lair:6   | Identified a scroll of acquirement {!r}
 35171 | Lair:6   | Identified the +9 halberd of Inflation {chop, *Rage +Fly rElec SInv} (You found it on level 6 of the Lair of Beasts)
 36126 | Orc:1    | Offered knowledge of Spellforged Servitor by Vehumet.
 36764 | Orc:2    | Found a staircase to the Elven Halls.
 37080 | Orc:2    | Noticed Donald
 37084 | Orc:2    | Killed Donald
 37290 | Orc:2    | Reached skill level 5 in Conjurations
 37530 | Orc:2    | Found Agunawel's Armour Shop.
 38550 | Orc:2    | Found Extofag's Antique Armour Boutique.
 38550 | Orc:2    | Found Milamura's General Store.
 38551 | Orc:2    | Found Boreo's Assorted Antiques.
 38551 | Orc:2    | Found Doinegim's Food Shoppe.
 38606 | Orc:2    | Bought a scroll labeled JEFAGASS ACRANK for 36 gold pieces
 38842 | Orc:2    | Learned a level 5 spell: Bolt of Draining
 38878 | Elf:1    | Entered Level 1 of the Elven Halls
 39009 | Elf:1    | Noticed Nikola
 39019 | Elf:1    | Killed Nikola
 39748 | Elf:1    | Offered knowledge of Freezing Cloud by Vehumet.
 39760 | Elf:1    | Reached XP level 16. HP: 82/106 MP: 30/37
 39954 | Elf:1    | Identified the Grimoire of the Lonely Curses
 40684 | Elf:2    | Found a runed gate.
 40686 | Elf:2    | Found a runed gate.
 40689 | Elf:2    | Found a runed gate.
 40794 | Elf:2    | Noticed Jorgrun
 40798 | Elf:2    | Killed Jorgrun
 41013 | Elf:2    | Noticed a deep elf blademaster
 41182 | Elf:2    | Killed a deep elf blademaster
 42206 | Elf:3    | Entered Level 3 of the Elven Halls
 42337 | Elf:3    | Found Jaolou's Gadget Boutique.
 42374 | Elf:3    | Found Los Hufi's Weapon Emporium.
 42404 | Elf:3    | Found Maxtap's Food Shoppe.
 42673 | Elf:3    | Found Hujirph's Armour Emporium.
 42762 | Elf:3    | Offered knowledge of Orb of Destruction by Vehumet.
 42784 | Elf:3    | Learned a level 7 spell: Orb of Destruction
 42869 | Elf:3    | Noticed a deep elf blademaster
 43079 | Elf:3    | Killed a deep elf blademaster
 43524 | Elf:3    | Reached skill level 10 in Conjurations
 43694 | Elf:3    | Reached XP level 17. HP: 111/111 MP: 21/39
 43784 | Elf:3    | Noticed a deep elf blademaster
 43787 | Elf:3    | Killed a deep elf blademaster
 43898 | Elf:3    | Noticed a deep elf master archer
 43899 | Elf:3    | Killed a deep elf master archer
 43952 | Elf:3    | Noticed a deep elf master archer
 44076 | Elf:3    | Killed a deep elf master archer
 44413 | Elf:3    | Noticed a deep elf master archer
 44415 | Elf:3    | Killed a deep elf master archer
 44735 | Elf:3    | Got a glittering bronze ring
 44763 | Elf:3    | Got a brightly glowing bronze amulet
 44992 | Elf:3    | Got a steaming long sword {elec}
 45077 | Elf:3    | Found the bloodstained robe
 45097 | Elf:3    | Got a brightly glowing glaive
 45100 | Elf:3    | Got a bloodstained robe
 45110 | Elf:3    | Identified the cursed -5 robe of Misfortune {-Cast *Contam *Tele *Drain EV-5 Stlth-- *Curse} (You found it on level 3 of the Elven Halls)
 45112 | Elf:3    | Identified the amulet "Opror" {Faith rF+ rN+} (You took it off a deep elf annihilator on level 3 of the Elven Halls)
 45113 | Elf:3    | Identified the ring of Teujar {*Slow rN+ MR++ Str+4} (You took it off a deep elf sorcerer on level 3 of the Elven Halls)
 45121 | Elf:3    | Identified the +8 long sword of Ascent {elec, MR+++} (You took it off a deep elf annihilator on level 3 of the Elven Halls)
 45123 | Elf:3    | Identified the cursed +2 glaive "Puegres" {flame, +Rage rF+ Int+2} (You found it on level 3 of the Elven Halls)
 45168 | Elf:3    | Got a pitted hand crossbow
 45195 | Elf:3    | Identified the +10 hand crossbow of Conscience {flame, rF+++ Str-2 Dex+4} (You found it on level 3 of the Elven Halls)
 45686 | D:7      | Bought a glowing scarf for 168 gold pieces
 45768 | D:4      | Bought a glowing scarf for 200 gold pieces
 45768 | D:4      | Bought a runed cloak for 187 gold pieces
 45768 | D:4      | Bought a runed helmet for 187 gold pieces
 45877 | D:6      | Killed Harold
 46097 | Depths:1 | Entered Level 1 of the Depths
 46098 | Depths:1 | Noticed a greater mummy
 46098 | Depths:1 | Noticed a greater mummy
 46102 | D:15     | Killed a greater mummy
 46194 | Depths:1 | Noticed a greater mummy
 46196 | Depths:1 | Found the +7 sceptre of Torment
 46196 | Depths:1 | Killed a greater mummy
 46722 | Snake:1  | Entered Level 1 of the Snake Pit
 46895 | D:15     | Bought a manual of Shields for 1545 gold pieces
 47077 | Snake:1  | Reached XP level 18. HP: 118/118 MP: 41/41
 47480 | Snake:2  | Found a frozen archway.
 47489 | IceCv    | Entered an ice cave
 47638 | IceCv    | Reached ****** piety under Vehumet
 47997 | IceCv    | Offered knowledge of Lehudib's Crystal Spear by Vehumet.
 47997 | IceCv    | Offered knowledge of Fire Storm by Vehumet.
 47997 | IceCv    | Offered knowledge of Tornado by Vehumet.
 48055 | IceCv    | Noticed an Ice Fiend
 48063 | IceCv    | Killed an Ice Fiend
 49643 | Snake:3  | Found a transporter.
 49845 | Snake:3  | Noticed Vashnia
 50861 | Snake:3  | Killed Vashnia
 51132 | Snake:3  | Found a transporter.
 51480 | Snake:3  | Got a pitted ivory ring
 51492 | Snake:3  | Got a brightly glowing jade ring
 51500 | Snake:3  | Identified the ring "Xitaleoll" {Ice *Corrode rPois Int+4} (You found it on level 3 of the Snake Pit)
 51502 | Snake:3  | Identified the cursed ring "Ymooduut" {+Inv rPois Int+3 Dex-2 Stlth-} (You found it on level 3 of the Snake Pit)
 51939 | Snake:4  | Entered Level 4 of the Snake Pit
 51939 | Snake:4  | Found Heseamy's Book Shoppe.
 51940 | Snake:4  | Reached XP level 19. HP: 123/123 MP: 43/43
 51942 | Snake:4  | Found Poawemn's Food Shoppe.
 51943 | Snake:4  | Found Biblonk's Antique Weapon Shoppe.
 51950 | Snake:4  | Found Qutogg's Gadget Shoppe.
 52802 | Snake:4  | Got a serpentine rune of Zot
 53139 | Shoals:1 | Entered Level 1 of the Shoals
 53494 | Shoals:1 | Learned a level 8 spell: Lehudib's Crystal Spear
 55645 | Shoals:3 | Reached XP level 20. HP: 129/129 MP: 42/45
 56224 | Shoals:4 | Entered Level 4 of the Shoals
 56234 | Shoals:4 | Reached skill level 1 in Staves
 56763 | Shoals:4 | Noticed Polyphemus
 56765 | Shoals:4 | Killed Polyphemus
 56941 | Shoals:4 | Got a barnacled rune of Zot
 57074 | Shoals:4 | Got a faintly glowing whip
 57215 | Shoals:4 | Identified the cursed +2 whip of Honour {vamp, MR++} (You found it on level 4 of the Shoals)
 58238 | Slime:1  | Learned a level 2 spell: Blink
 60889 | Slime:4  | Reached XP level 21. HP: 135/135 MP: 47/47
 61180 | Slime:5  | Entered Level 5 of the Pits of Slime
 62098 | Slime:5  | Found a viscous altar of Jiyva.
 62452 | Slime:5  | Noticed the Royal Jelly
 62460 | Slime:5  | Killed the Royal Jelly
 62736 | Slime:5  | Got a slimy rune of Zot
 62773 | Slime:5  | Got a brightly glowing demon whip
 62775 | Slime:5  | Got a pitted flail
 62801 | Slime:5  | Identified the +4 flail "Teerghak" {crush, MR+ Str+7} (You found it on level 5 of the Pits of Slime)
 62804 | Slime:5  | Identified the +1 demon whip of Tenacity {flame, rC- MR+ Str+3} (You found it on level 5 of the Pits of Slime)
 62807 | Slime:5  | Got an ancient silver ring
 62808 | Slime:5  | Identified the ring of Luluator {rCorr rPois Dex+3} (You found it on level 5 of the Pits of Slime)
 62813 | Slime:5  | Got a polished leather armour
 62845 | Slime:5  | Got a brightly glowing trident
 62855 | Slime:5  | Identified the +3 leather armour of the Hunter {-Tele rElec rC- SInv} (You found it on level 5 of the Pits of Slime)
 62857 | Slime:5  | Identified the +7 trident "Beastbane" {flame, rPois Int+6} (You found it on level 5 of the Pits of Slime)
 62892 | Slime:5  | Got a crude spear
 62900 | Slime:5  | Got a spiked chain mail
 62908 | Slime:5  | Identified the +4 spear of Dust {drain, Stlth+} (You found it on level 5 of the Pits of Slime)
 62914 | Slime:5  | Identified the +6 chain mail of the Present {rPois} (You found it on level 5 of the Pits of Slime)
 63244 | Vaults:1 | Entered Level 1 of the Vaults
 65079 | Vaults:2 | Reached skill level 5 in Shields
 65088 | Vaults:2 | Reached skill level 5 in Fighting
 65110 | Vaults:2 | Reached XP level 22. HP: 127/146 MP: 7/49
 65808 | Vaults:2 | Noticed Boris
 65812 | Vaults:2 | Killed Boris
 65912 | Vaults:2 | Found Zyokut's Antique Weapon Boutique.
 65914 | Vaults:2 | Noticed Aizul
 65917 | Vaults:2 | Killed Aizul
 65997 | Vaults:2 | Found a shimmering altar of Xom.
 66389 | Vaults:3 | Noticed Jory
 66392 | Vaults:3 | Killed Jory
 66437 | Vaults:3 | Noticed Margery
 66439 | Vaults:3 | Killed Margery
 66793 | Vaults:3 | Reached skill level 10 in Shields
 67485 | Vaults:3 | Reached skill level 10 in Fighting
 67757 | Vaults:3 | Found a staircase to the Crypt.
 67757 | Vaults:3 | Found an ancient bone altar of Kikubaaqudgha.
 67758 | Vaults:3 | Found a basalt altar of Yredelemnul.
 68245 | Vaults:4 | Reached XP level 23. HP: 123/169 MP: 39/50
 68600 | Vaults:4 | Found a runed gate.
 68600 | Vaults:4 | Found a runed gate.
 68600 | Vaults:4 | Found a runed gate.
 68610 | Vaults:4 | Noticed MothsLongingForFire's ghost (adept DsMo)
 69708 | Vaults:4 | Killed MothsLongingForFire's ghost
 69906 | Crypt:1  | Entered Level 1 of the Crypt
 70118 | Crypt:1  | Noticed Moirulut's ghost (adept GrFi)
 70187 | Crypt:1  | Found a transporter.
 70192 | Crypt:1  | Noticed Mennas
 70208 | Crypt:1  | Found a transporter.
 70501 | Vaults:3 | Killed Moirulut's ghost
 70726 | Vaults:5 | Entered Level 5 of the Vaults
 70738 | Vaults:5 | Reached XP level 24. HP: 166/185 MP: 40/50
 70754 | Vaults:5 | Reached skill level 15 in Fighting
 71104 | Vaults:5 | Reached skill level 15 in Shields
 71113 | Vaults:5 | Reached skill level 5 in Dodging
 71653 | Vaults:5 | Got a warped ivory ring
 71674 | Vaults:5 | Got a shimmering great sword
 71870 | Vaults:5 | Got a warped mace
 72012 | Vaults:5 | Identified the Tome of Moulding
 72092 | Vaults:5 | Identified the ring of Freedom {+Fly rPois rF+ Int-4 SInv} (You took it off a tengu reaver on level 5 of the Vaults)
 72326 | Vaults:5 | Got a shimmering crystal amulet
 72439 | Vaults:5 | Got an ancient hand crossbow
 72625 | Vaults:5 | Got a silver rune of Zot
 72695 | Vaults:5 | Identified the +5 hand crossbow "Gesinypp" {velocity, rPois rC- Dex+7 Stlth+} (You found it on level 5 of the Vaults)
 72697 | Vaults:5 | Identified the +6 mace "Hampaeg" {venom, rF+} (You found it on level 5 of the Vaults)
 72699 | Vaults:5 | Identified the amulet of Ythrunau {Harm *Drain +Inv MR- Str+3 Slay+2} (You found it on level 5 of the Vaults)
 72705 | Vaults:5 | Identified the +7 great sword of Cheibriados's Esteem {flame, +Blink rN+ MR+ Str+3} (You found it on level 5 of the Vaults)
 73036 | Crypt:1  | Killed Mennas
 73043 | Crypt:1  | Noticed Bai Suzhen
 73047 | Crypt:1  | Killed Bai Suzhen
 73053 | Crypt:1  | Got a polished shortbow
 73057 | Crypt:1  | Got a heavy robe
 73070 | Crypt:1  | Identified the cursed +1 robe of Conscience {MR+ Dex+4} (You took it off a vampire mage on level 1 of the Crypt)
 73378 | Crypt:2  | Reached skill level 10 in Dodging
 73409 | Crypt:2  | Reached XP level 25. HP: 194/194 MP: 15/50
 74253 | Crypt:3  | Entered Level 3 of the Crypt
 75324 | Crypt:3  | Noticed an ancient lich
 75325 | Crypt:3  | Killed an ancient lich
 75354 | Crypt:3  | Noticed an ancient lich
 75355 | Crypt:3  | Killed an ancient lich
 75463 | Crypt:3  | Found the +7 great mace "Undeadhunter" {disrupt, rN+}
 75477 | Crypt:3  | Found an ancient bone altar of Kikubaaqudgha.
 75537 | Crypt:3  | Found a staircase to the Tomb.
 75992 | Tomb:1   | Entered Level 1 of the Tomb of the Ancients
 76035 | Tomb:1   | Noticed a greater mummy
 76035 | Tomb:1   | Noticed a greater mummy
 76036 | Tomb:1   | Killed a greater mummy
 76036 | Tomb:1   | Noticed a greater mummy
 76036 | Tomb:1   | Noticed a greater mummy
 76036 | Tomb:1   | Noticed a greater mummy
 76037 | Tomb:1   | Killed a greater mummy
 76037 | Tomb:1   | Killed a greater mummy
 76037 | Tomb:1   | Noticed a greater mummy
 76038 | Tomb:1   | Killed a greater mummy
 76038 | Tomb:1   | Killed a greater mummy
 76040 | Tomb:1   | Killed a greater mummy
 76057 | Tomb:1   | Noticed a greater mummy
 76061 | Tomb:1   | Killed a greater mummy
 76061 | Tomb:1   | Reached skill level 15 in Dodging
 76065 | Tomb:1   | Noticed a greater mummy
 76217 | Tomb:1   | Killed a greater mummy
 76217 | Tomb:1   | Noticed a greater mummy
 76219 | Tomb:1   | Killed a greater mummy
 76229 | Tomb:1   | Noticed a greater mummy
 76232 | Tomb:1   | Killed a greater mummy
 76232 | Tomb:1   | Gained mutation: You are strongly in touch with the powers of death. [Mummy growth]
 76232 | Tomb:1   | Reached XP level 26. HP: 186/202 MP: 17/50
 76372 | Tomb:1   | Noticed a greater mummy
 76376 | Tomb:1   | Killed a greater mummy
 76566 | Tomb:1   | Noticed a greater mummy
 76566 | Tomb:1   | Noticed a greater mummy
 76566 | Tomb:1   | Noticed a greater mummy
 76568 | Tomb:1   | Killed a greater mummy
 76568 | Tomb:1   | Killed a greater mummy
 76568 | Tomb:1   | Killed a greater mummy
 76977 | Tomb:1   | Noticed a greater mummy
 76978 | Tomb:1   | Noticed a greater mummy
 76978 | Tomb:1   | Noticed a greater mummy
 76979 | Tomb:1   | Killed a greater mummy
 76979 | Tomb:1   | Killed a greater mummy
 76979 | Tomb:1   | Killed a greater mummy
 77437 | Tomb:3   | Entered Level 3 of the Tomb of the Ancients
 77491 | Tomb:3   | Noticed a greater mummy
 77493 | Tomb:3   | Killed a greater mummy
 77494 | Tomb:3   | Noticed a greater mummy
 77496 | Tomb:3   | Killed a greater mummy
 77497 | Tomb:3   | Noticed a greater mummy
 77503 | Tomb:3   | Killed a greater mummy
 77505 | Tomb:3   | Noticed a greater mummy
 77523 | Tomb:3   | Killed a greater mummy
 77523 | Tomb:3   | Reached skill level 5 in Evocations
 78081 | Tomb:3   | Got a jewelled rapier
 78156 | Tomb:3   | Noticed a greater mummy
 78160 | Tomb:3   | Killed a greater mummy
 78182 | Tomb:3   | Got a fine chain mail
 78183 | Tomb:3   | Identified the +5 chain mail of Ciumybbi {rPois rC- rN+++ Str+3} (You found it on level 3 of the Tomb of the Ancients)
 78194 | Tomb:3   | Identified the +7 rapier "Ecaeniz" {pierce, rF+ MR+} (You found it on level 3 of the Tomb of the Ancients)
 78204 | Tomb:3   | Noticed a greater mummy
 78228 | Tomb:3   | Killed a greater mummy
 78314 | Tomb:3   | Noticed a greater mummy
 78316 | Tomb:3   | Killed a greater mummy
 78625 | Tomb:3   | Noticed a greater mummy
 78627 | Tomb:3   | Noticed a greater mummy
 78629 | Tomb:3   | Killed a greater mummy
 78630 | Tomb:3   | Killed a greater mummy
 78630 | Tomb:3   | Reached XP level 27. HP: 189/214 MP: 26/51
 78749 | Tomb:3   | Got a scorched mace
 78767 | Tomb:3   | Got a translucent leather armour
 78774 | Tomb:3   | Identified Xide's Papyrus of Aid and Creation
 78778 | Tomb:3   | Got a pitted long sword
 78783 | Tomb:3   | Got a polished mace
 78878 | Tomb:3   | Got a golden rune of Zot
 79004 | Tomb:2   | Noticed a greater mummy
 79009 | Tomb:2   | Killed a greater mummy
 79021 | Tomb:2   | Noticed a greater mummy
 79025 | Tomb:2   | Killed a greater mummy
 79025 | Tomb:2   | Noticed a greater mummy
 79028 | Tomb:2   | Killed a greater mummy
 79028 | Tomb:2   | Reached skill level 10 in Evocations
 79028 | Tomb:2   | Noticed a greater mummy
 79034 | Tomb:2   | Killed a greater mummy
 79035 | Tomb:2   | Noticed a greater mummy
 79298 | Tomb:2   | Killed a greater mummy
 80010 | Depths:1 | Killed a greater mummy
 80245 | Depths:1 | Found a gateway to Hell.
 80446 | Depths:1 | Found a gateway to a ziggurat.
 80666 | Hell     | Entered the Vestibule of Hell
 80666 | Hell     | Noticed Geryon
 80670 | Hell     | Killed Geryon
 81097 | Hell     | Found a gateway to the Iron City of Dis.
 81121 | Hell     | Found a gateway to the ashen valley of Gehenna.
 81240 | Hell     | Found a gateway to the decaying netherworld of Tartarus.
 81293 | Hell     | Found a gateway to the freezing wastes of Cocytus.
 81569 | Hell     | Identified the +1 leather armour of Bozunac {*Slow +Fly Str+2 Slay+2} (You found it on level 3 of the Tomb of the Ancients)
 81571 | Hell     | Identified the +4 mace of Yeast {crush, rF+ MP+9 Str-4} (You found it on level 3 of the Tomb of the Ancients)
 81574 | Dis:1    | Entered Level 1 of the Iron City of Dis
 81574 | Dis:1    | Found a gateway to Hell.
 81590 | Dis:2    | Found a gateway to Hell.
 81592 | Dis:2    | Found a gateway to Hell.
 81599 | Dis:3    | Found a gateway to Hell.
 81608 | Dis:4    | Found a gateway to Hell.
 81611 | Dis:4    | Found a gateway to Hell.
 81640 | Dis:5    | Found a gateway to Hell.
 81684 | Dis:5    | Found a gateway to Hell.
 81868 | Dis:6    | Found a gateway to Hell.
 82234 | Dis:7    | Entered Level 7 of the Iron City of Dis
 82234 | Dis:7    | Found a gateway to Hell.
 82273 | Dis:7    | Found a gateway to Hell.
 83028 | Dis:7    | Noticed Dispater
 83034 | Dis:7    | Killed Dispater
 83041 | Dis:7    | Got an iron rune of Zot
 83063 | Dis:7    | Got a dazzling hand axe {protect}
 83084 | Dis:7    | Identified Sif Muna's Disquisition on Flamy Snow
 83107 | Dis:7    | Identified the Tome of Creative Heat
 83123 | Dis:7    | Learned a level 6 spell: Deflect Missiles
 83527 | Depths:4 | Noticed a juggernaut
 83528 | Depths:4 | Killed a juggernaut
 83845 | Depths:5 | Entered Level 5 of the Depths
 83871 | Depths:5 | Found a gate to the Realm of Zot.
 83954 | Zot:1    | Entered Level 1 of the Realm of Zot
 84389 | Zot:2    | Reached skill level 27 in Earth Magic
 84389 | Zot:2    | Reached skill level 27 in Spellcasting
 85313 | Zot:5    | Entered Level 5 of the Realm of Zot
 86115 | Zot:5    | Noticed an ancient lich
 86121 | Zot:5    | Killed an ancient lich
 86458 | Zot:5    | Noticed an orb of fire
 86460 | Zot:5    | Noticed an ancient lich
 86463 | Zot:5    | Killed an ancient lich
 86475 | Zot:5    | Noticed an ancient lich
 86480 | Zot:5    | Killed an ancient lich
 86696 | Zot:5    | Killed an orb of fire
 86699 | Zot:5    | Noticed an orb of fire
 86704 | Zot:5    | Killed an orb of fire
 86803 | Zot:5    | Noticed an orb of fire
 86827 | Zot:5    | Killed an orb of fire
 86891 | Zot:5    | Noticed an orb of fire
 86895 | Zot:5    | Killed an orb of fire
 87089 | Zot:5    | Noticed an orb of fire
 87099 | Zot:5    | Killed an orb of fire
 87162 | Zot:5    | Noticed an orb of fire
 87174 | Zot:5    | Killed an orb of fire
 87354 | Zot:5    | Reached skill level 1 in Air Magic
 87668 | Zot:5    | Got the Orb of Zot
 88102 | D:8      | Noticed Wagomem the pandemonium lord
 88293 | Zig:1    | Entered Level 1 of a ziggurat
 88413 | Zig:2    | Entered Level 2 of a ziggurat
 88513 | Zig:3    | Entered Level 3 of a ziggurat
 88639 | Zig:4    | Entered Level 4 of a ziggurat
 88658 | Zig:4    | Noticed a seraph
 88661 | Zig:5    | Entered Level 5 of a ziggurat
 88747 | Zig:6    | Entered Level 6 of a ziggurat
 88795 | Zig:7    | Entered Level 7 of a ziggurat
 88876 | Zig:8    | Entered Level 8 of a ziggurat
 88969 | Zig:9    | Entered Level 9 of a ziggurat
 88977 | Zig:9    | Found the +0 pair of fencer's gloves {+Riposte Dex+3}
 89196 | Zig:9    | Noticed Cagelef the pandemonium lord
 89201 | Zig:9    | Killed Cagelef the pandemonium lord
 89266 | Zig:9    | Noticed Cygucron the pandemonium lord
 89267 | Zig:9    | Killed Cygucron the pandemonium lord
 89281 | Zig:9    | Noticed Nones the pandemonium lord
 89290 | Zig:9    | Killed Nones the pandemonium lord
 89372 | Zig:10   | Entered Level 10 of a ziggurat
 89394 | Zig:10   | Noticed a greater mummy
 89395 | Zig:10   | Noticed a greater mummy
 89395 | Zig:10   | Noticed a greater mummy
 89395 | Zig:10   | Noticed a greater mummy
 89398 | Zig:10   | Killed a greater mummy
 89398 | Zig:10   | Killed a greater mummy
 89398 | Zig:10   | Killed a greater mummy
 89398 | Zig:10   | Killed a greater mummy
 89398 | Zig:10   | Noticed a greater mummy
 89401 | Zig:10   | Killed a greater mummy
 89403 | Zig:10   | Noticed Peeph the pandemonium lord
 89405 | Zig:10   | Killed Peeph the pandemonium lord
 89487 | Zig:10   | Got a bronze plate armour
 89489 | Zig:10   | Identified the +2 plate armour of the Circus Animal {Str-3 Dex+3 Stlth+} (You found it on level 10 of a ziggurat)
 89499 | Zig:10   | Noticed Medwui Paum the pandemonium lord
 89499 | Zig:10   | Noticed Fociaz the pandemonium lord
 89502 | Zig:11   | Entered Level 11 of a ziggurat
 89531 | Zig:11   | Noticed Koizywke the pandemonium lord
 89537 | Zig:11   | Killed Koizywke the pandemonium lord
 89551 | Zig:11   | Got a slimy platinum ring
 89575 | Zig:11   | Reached skill level 1 in Charms
 89575 | Zig:11   | Reached skill level 15 in Evocations
 89595 | Zig:12   | Entered Level 12 of a ziggurat
 89635 | Zig:12   | Found the cursed necklace of Bloodlust {*Rage +Rage MR++ Int-3 Slay+6 *Curse}
 89653 | Zig:13   | Entered Level 13 of a ziggurat
 89743 | Zig:13   | Identified the Catalogue of Ashen Flames
 89759 | Zig:13   | Noticed Usmijyur the pandemonium lord
 89763 | Zig:14   | Entered Level 14 of a ziggurat
 89778 | Zig:14   | Reached skill level 5 in Staves
 89907 | Zig:14   | Noticed Leesuegi the pandemonium lord
 89908 | Zig:14   | Killed Leesuegi the pandemonium lord
 89914 | Zig:14   | Noticed Agiag the pandemonium lord
 89917 | Zig:14   | Killed an ancient lich
 89919 | Zig:14   | Killed Agiag the pandemonium lord
 89933 | Zig:14   | Got a steaming mace
 89936 | Zig:14   | Got an ancient long sword
 89960 | Zig:14   | Got a translucent scimitar
 89964 | Zig:14   | Got a warped iron amulet
 89970 | Zig:14   | Got an encrusted hand axe
 89978 | Zig:14   | Identified the amulet of Hanluarot {Gourm Str+10} (You found it on level 14 of a ziggurat)
 89980 | Zig:14   | Identified the ring "Zesoses" {rPois rC+ Int+4 SInv} (You found it on level 11 of a ziggurat)
 90003 | Zig:14   | Reached skill level 10 in Staves
 90033 | Zig:14   | Noticed Osuzupid the pandemonium lord
 90034 | Zig:14   | Killed Osuzupid the pandemonium lord
 90043 | Zig:14   | Noticed Ygock the pandemonium lord
 90044 | Zig:14   | Killed Ygock the pandemonium lord
 90154 | Zig:15   | Entered Level 15 of a ziggurat
 90173 | Zig:15   | Noticed Nalluepn the pandemonium lord
 90174 | Zig:15   | Noticed Remuh the pandemonium lord
 90175 | Zig:15   | Noticed Elouno the pandemonium lord
 90177 | Zig:15   | Killed Remuh the pandemonium lord
 90178 | Zig:15   | Noticed Sytielem the pandemonium lord
 90178 | Zig:15   | Noticed Tid Wann the pandemonium lord
 90179 | Zig:15   | Noticed Zayfuvie the pandemonium lord
 90179 | Zig:15   | Noticed Elogam the pandemonium lord
 90181 | Zig:15   | Killed Elogam the pandemonium lord
 90182 | Zig:15   | Killed Zayfuvie the pandemonium lord
 90183 | Zig:15   | Killed Tid Wann the pandemonium lord
 90184 | Zig:15   | Killed Sytielem the pandemonium lord
 90187 | Zig:15   | Killed Nalluepn the pandemonium lord
 90189 | Zig:15   | Killed Elouno the pandemonium lord
 90194 | Zig:15   | Found the amulet of the Four Winds {rN+ MR+++ Clar}
 90232 | Zig:15   | Noticed Fegig the pandemonium lord
 90237 | Zig:16   | Entered Level 16 of a ziggurat
 90283 | Zig:16   | Killed from afar by a balrug

Vault maps used:
D:1:      minmay_arrival_loop
D:2:      uniq_robin
D:4:      serial_shops, shop_fountains, uniq_edmund
D:5:      kennysheep_mini_moat, first_ration
D:6:      slow_altar_1, uniq_menkaure, uniq_grinder
D:7:      lemuel_temple_firewalk_a, serial_shops, shop, uniq_harold, uniq_pikel
D:8:      gammafunk_temple_overflow_statue, uniq_maurice, uniq_prince_ribbit1
D:9:      xom_redecorated
D:10:     uniq_snorg
D:11:     grunt_lair_entry_orc_guard_hut, orc_0_dummy,
          gammafunk_ghost_nasty_kobolds, hangedman_pestilent_swarm
D:13:     david_vaults_1, serial_shops, shop, minivault_4, guppyfry_shop_venom
D:14:     uniq_azrael, uniq_kirke, uniq_agnes, uniq_roxanne, uniq_nessos
D:15:     gammafunk_enter_depths_forms, serial_shops, nicolae_shop_waterfront,
          shop, shop, shop_statue, shop_fountains,
          nemelex_xobeh_ov_fountains_minmay, small_statue_alley_a
Temple:   minmay_crystal_spiral_temple
Lair:2:   serial_forest, infiniplex_forest_end_3, infiniplex_forest_lined_3,
          infiniplex_forest_clump_large, infiniplex_forest_clump_small,
          infiniplex_forest_lined_room_, infiniplex_forest_lined_room_2,
          infiniplex_forest_lined_2, infiniplex_forest_lined_room_3,
          lemuel_fruit_fields, lemuel_fruit_fields, minmay_lair_oklob_chamber
Lair:3:   serial_forest, infiniplex_forest_straight_3,
          infiniplex_forest_straight_4, infiniplex_forest_clump_small,
          infiniplex_forest_clump_diagonal, infiniplex_forest_end_1,
          infiniplex_forest_lined_room_2, infiniplex_forest_end_2,
          infiniplex_forest_lined_2
Lair:4:   minmay_shoals_entry_beasts, guppyfry_snake_entry_garden
Lair:5:   dpeg_slime_entry_corner, lab_entry_generic, grunt_megastairs_5,
          infiniplex_staircase_pool_2
Lair:6:   minmay_lair_end_frog_pond, st_stairs_13, infiniplex_staircase_pool
Shoals:1: nicolae_shoals_water_elemental_grotto
Shoals:2: hangedman_shoals_cup_caves
Shoals:4: shoals_end_grunt_ice, uniq_polyphemus
Snake:2:  nicolae_sea_snake_s, portal_ice_cave_entry_pillars_1
Snake:3:  gammafunk_its_a_trap, grunt_megastairs_2, uniq_vashnia
Snake:4:  snake_pit, grunt_ministairs_7, minmay_shop_grid_forest
Slime:2:  nicolae_slime_phagocytosis
Slime:3:  cheibrodos_slime_lost_civilization_4
Slime:4:  nicolae_slime_round_cave
Orc:1:    minmay_orc_barracks, uniq_fannar
Orc:2:    st_orc_elflike, special_room, serial_shops, shop_statue, uniq_donald
Elf:1:    elf_arrival_002, minmay_elf_necromancy, small_chamber_with_monster,
          nicolae_elf_big_sculpture_1, uniq_nikola
Elf:2:    uniq_jorgrun
Elf:3:    minmay_elf_hall_four_x, serial_shops, shop, nicolae_shop_stone,
          nicolae_shop_crystal, shop_statue
Vaults:1: v_rooms_2, nicolae_vaults_alarming, nicolae_vaults_little_squares_3,
          hangedman_vaults_cutoff, v_misc_12, hangedman_vaults_river_flow,
          vaults_room_ringed_pool, v_misc_10, vaults_mumra_chevron,
          vaults_room_large_hall
Vaults:2: hangedman_vaults_snaps, nicolae_vaults_diagonal_hallway_8,
          nicolae_vaults_network_quinsquares, v_rooms_6,
          nicolae_vaults_windows_and_doors_thing,
          vaults_room_hangedman_quadrants, v_misc_33, v_pattern_5,
          vaults_room_grid, hangedman_vaults_stretched_pinwheel,
          nicolae_vaults_little_ls, serial_shops, shop, basic_altar, uniq_boris,
          uniq_aizul
Vaults:3: minmay_crypt_entry_necro_gods, ontoclasm_vaults_eye, v_misc_27,
          vaults_room_fancy_cross, st_smaller_cells, grunt_vaults_hallway_long,
          grunt_vaults_bifocal, v_misc_26, nicolae_vaults_network_s,
          ontoclasm_vaults_tryst, v_rooms_1, nicolae_vaults_triangles,
          vaults_dpeg_encased_lava, v_alt_pattern_4, v_alt_pattern_3,
          uniq_margery, uniq_jory
Vaults:4: gammafunk_vaults_ghost_spectres, vaults_room_fancy_cross,
          vaults_dpeg_hooks, st_more_cells, nicolae_vaults_shelves_hall,
          nicolae_vaults_inception_statues, vaults_room_semicircle,
          ontoclasm_vaults_hangar, ontoclasm_vaults_ligature,
          hangedman_vaults_corner, vaults_room_corners, vaults_room_pool,
          ontoclasm_vaults_ring_square, ontoclasm_vaults_gateway,
          hangedman_vaults_slice, v_pattern_1, vaults_room_fancy_cross,
          v_misc_22
Crypt:1:  gammafunk_ghost_mausoleum, grunt_ministairs_9, grunt_megastairs_1,
          uniq_mennas, uniq_bai_suzhen
Crypt:3:  quadcrypt_mu
Depths:1: minmay_guarded_unrand_sceptre_of_torment, enter_ziggurat_e,
          hell_entry, minmay_misc_feat_hallway, kennysheep_generic_room_16
Depths:2: box_level_dp, abyss_entry, hell_entry
Depths:3: minmay_expanding_circles, rand_demon_pan_entry_3,
          grunt_hell_entry_dis_old, serial_bayou_lagoon_a,
          minmay_stone_trees_small
Depths:4: minmay_octo_star, hell_entry, roderic_lattice_a, enter_trove_1,
          minmay_room_of_horrors
Depths:5: grunt_zot_entry_hairpin, minmay_misc_feat_alley, hell_entry,
          ebering_ghost_inner_flame
Dis:2:    hangedman_dis_decor_tower, evilmike_ambush
Dis:4:    grunt_megastairs_3
Dis:5:    hangedman_player_shredder
Dis:7:    dis_st
Zig:9:    ziggurat_pillar_centre_dead_trees
Zig:10:   ziggurat_pillar_centre_c
Zig:16:   ziggurat_pillar_centre_drop
Lab:      labyrinth_mini_lab, lab_hedge, nicolae_lab_quarters,
          nicolae_lab_flowing_pool, nicolae_lab_do_over, nicolae_lab_swirl
IceCv:    ice_cave_caverns_01

Skill      XL: |  1  2  3  4  5  6  7  8  9 10 11 12 13 14 15 16 17 18 19 20 21 22 23 24 25 26 27 |
---------------+----------------------------------------------------------------------------------+-----
Earth Magic    | 3 4 5 6 8 10 11 12 13 14 16 17 18 19 20 21 22 23 24 27 | 27.0
Spellcasting   | 3 4 5 6 8 10 11 12 13 14 16 17 18 19 20 21 22 23 24 27 | 27.0
Shields        | 2 4 6 12 14 15 | 15.0
Dodging        | 2 4 10 15 21 | 21.5
Fighting       | 2 4 5 11 14 15 17 22 | 22.6
Evocations     | 3 4 8 16 | 16.0
Stealth        | 4 |  4.0
Conjurations   | 1 4 7 10 11 | 11.0
Transmutations | 3 4 |  4.0
Necromancy     | 1 |  1.0
Staves         | 4 12 | 12.0
Air Magic      | 4 |  4.0
Charms         | 4 |  4.0

Action                   |  1- 3 |  4- 6 |  7- 9 | 10-12 | 13-15 | 16-18 | 19-21 | 22-24 | 25-27 || total
-------------------------+-------+-------+-------+-------+-------+-------+-------+-------+-------++-------
Melee: Whip              |    66 |     2 |     5 |       |       |       |       |       |       ||    73
       Club              |     5 |       |       |       |       |       |       |       |       ||     5
       Staff             |       |       |    85 |   130 |    43 |     1 |    39 |    18 |   191 ||   507
Throw: Stone             |       |       |     1 |     1 |       |       |     1 |       |       ||     3
 Cast: Sandblast         |    27 |    63 |    86 |   139 |     8 |       |       |       |       ||   323
       Stone Arrow       |       |       |   119 |   150 |     1 |       |       |       |       ||   270
       Lee's Rapid Decon |       |       |    10 |   134 |   213 |    99 |    47 |    67 |   121 ||   691
       Passwall          |       |       |     4 |     3 |     1 |       |       |       |     1 ||     9
       Petrify           |       |       |       |     3 |     2 |       |       |       |     2 ||     7
       Iron Shot         |       |       |       |       |   280 |    93 |    78 |     1 |     9 ||   461
       Shatter           |       |       |       |       |    71 |   114 |   179 |   171 |   486 ||  1021
       Irradiate         |       |       |       |       |     2 |       |       |       |       ||     2
       Borgnjor's Vile C |       |       |       |       |     2 |     2 |     4 |       |     1 ||     9
       Orb of Destructio |       |       |       |       |       |     6 |       |       |     1 ||     7
       Lehudib's Crystal |       |       |       |       |       |       |   140 |   101 |   432 ||   673
       Bolt of Draining  |       |       |       |       |       |       |    29 |       |       ||    29
       Blink             |       |       |       |       |       |       |       |     1 |     1 ||     2
       Deflect Missiles  |       |       |       |       |       |       |       |       |     4 ||     4
Evoke: Wand              |       |       |     6 |    27 |    50 |    15 |     1 |       |     3 ||   102
       Phial of floods   |       |       |       |       |     1 |       |       |       |     1 ||     2
       Box of beasts     |       |       |       |       |     1 |       |       |       |       ||     1
       Lamp of fire      |       |       |       |       |       |       |     1 |       |       ||     1
       Staff of energy   |       |       |       |       |       |       |       |       |   490 ||   490
       Figurine of a zig |       |       |       |       |       |       |       |       |     1 ||     1
  Use: Scroll            |       |     8 |       |     6 |     6 |    16 |    13 |     9 |    34 ||    92
 Stab: Sleeping          |     1 |       |       |     1 |       |       |     1 |     1 |     1 ||     5
       Paralysed         |       |       |       |       |       |       |       |       |     3 ||     3
       Distracted        |       |       |       |       |       |       |       |       |     1 ||     1
Armor: Robe              |    21 |     2 |       |       |     1 |    12 |    30 |     7 |    43 ||   116
       Leather armour    |       |     1 |    54 |   129 |    38 |       |       |       |       ||   222
Dodge: Dodged            |    57 |    23 |   119 |   188 |    86 |    34 |    71 |    30 |   327 ||   935
       Deflected         |       |       |       |       |       |       |       |       |    18 ||    18
Block: Buckler           |       |       |     4 |    86 |    41 |    28 |    77 |    16 |     1 ||   253
       Reflection        |       |       |       |       |       |     5 |    28 |     5 |    16 ||    54
       Shield            |       |       |       |       |       |       |       |     9 |   307 ||   316

Table legend:
 A = Spawn XP
 B = Non-spawn XP
 C = Spawn XP percentage of total XP
 D = Spawn monster count
 E = Non-spawn monster count
 F = Spawn count percentage of total count
 G = Total turns spent on level
                    A         B        C        D         E        F      G
               +---------+---------+-------+---------+---------+-------+---------
         Total |       0 | 2638698 |   0.0 |       0 |    3253 |   0.0 | 90283
               +---------+---------+-------+---------+---------+-------+---------
           D:1 |       0 |      62 |   0.0 |       0 |      27 |   0.0 |  1133
           D:2 |       0 |      86 |   0.0 |       0 |      31 |   0.0 |   632
           D:3 |       0 |     117 |   0.0 |       0 |      28 |   0.0 |  1413
           D:4 |       0 |     353 |   0.0 |       0 |      15 |   0.0 |  1444
           D:5 |       0 |     287 |   0.0 |       0 |       5 |   0.0 |  1009
           D:6 |       0 |    2416 |   0.0 |       0 |      25 |   0.0 |  1916
           D:7 |       0 |    1833 |   0.0 |       0 |      18 |   0.0 |  1738
           D:8 |       0 |    2779 |   0.0 |       0 |      34 |   0.0 |   962
           D:9 |       0 |    1137 |   0.0 |       0 |      25 |   0.0 |   661
          D:10 |       0 |    4751 |   0.0 |       0 |      38 |   0.0 |  1383
          D:11 |       0 |    9145 |   0.0 |       0 |      62 |   0.0 |  2232
          D:12 |       0 |    6099 |   0.0 |       0 |      24 |   0.0 |  2104
          D:13 |       0 |   11512 |   0.0 |       0 |      45 |   0.0 |  1445
          D:14 |       0 |   16709 |   0.0 |       0 |      29 |   0.0 |  2958
          D:15 |       0 |   28698 |   0.0 |       0 |      56 |   0.0 |  2297
        Lair:1 |       0 |    2295 |   0.0 |       0 |       6 |   0.0 |   929
        Lair:2 |       0 |    3512 |   0.0 |       0 |      13 |   0.0 |  1187
        Lair:3 |       0 |    5857 |   0.0 |       0 |      26 |   0.0 |  1574
        Lair:4 |       0 |    5888 |   0.0 |       0 |      22 |   0.0 |  1110
        Lair:5 |       0 |    6520 |   0.0 |       0 |      23 |   0.0 |  1926
        Lair:6 |       0 |   15889 |   0.0 |       0 |      66 |   0.0 |  1543
      Shoals:1 |       0 |    9177 |   0.0 |       0 |      22 |   0.0 |  1150
      Shoals:2 |       0 |   15981 |   0.0 |       0 |      28 |   0.0 |  1098
      Shoals:3 |       0 |   26519 |   0.0 |       0 |      55 |   0.0 |  1282
      Shoals:4 |       0 |   43744 |   0.0 |       0 |      64 |   0.0 |   791
       Snake:1 |       0 |   12683 |   0.0 |       0 |      23 |   0.0 |   489
       Snake:2 |       0 |   18749 |   0.0 |       0 |      38 |   0.0 |  1252
       Snake:3 |       0 |   43023 |   0.0 |       0 |      72 |   0.0 |  2699
       Snake:4 |       0 |   58155 |   0.0 |       0 |      96 |   0.0 |   626
       Slime:1 |       0 |    9768 |   0.0 |       0 |      14 |   0.0 |   729
       Slime:2 |       0 |   13208 |   0.0 |       0 |      31 |   0.0 |  1226
       Slime:3 |       0 |   16519 |   0.0 |       0 |      28 |   0.0 |  1105
       Slime:4 |       0 |   21039 |   0.0 |       0 |      34 |   0.0 |   786
       Slime:5 |       0 |   53162 |   0.0 |       0 |      51 |   0.0 |  1704
         Orc:1 |       0 |    2857 |   0.0 |       0 |      36 |   0.0 |  7273
         Orc:2 |       0 |   13921 |   0.0 |       0 |      60 |   0.0 |  1872
         Elf:1 |       0 |   19792 |   0.0 |       0 |      29 |   0.0 |  1456
         Elf:2 |       0 |   32932 |   0.0 |       0 |      38 |   0.0 |  3252
         Elf:3 |       0 |   77190 |   0.0 |       0 |      61 |   0.0 |  1814
      Vaults:1 |       0 |   28749 |   0.0 |       0 |      63 |   0.0 |  1443
      Vaults:2 |       0 |   68313 |   0.0 |       0 |     113 |   0.0 |  1973
      Vaults:3 |       0 |   79759 |   0.0 |       0 |     100 |   0.0 |  2032
      Vaults:4 |       0 |   94976 |   0.0 |       0 |     126 |   0.0 |  2498
      Vaults:5 |       0 |  160776 |   0.0 |       0 |     145 |   0.0 |  1533
       Crypt:1 |       0 |   49689 |   0.0 |       0 |      58 |   0.0 |   962
       Crypt:2 |       0 |   43049 |   0.0 |       0 |      46 |   0.0 |   729
       Crypt:3 |       0 |   69112 |   0.0 |       0 |      81 |   0.0 |  2131
        Tomb:1 |       0 |  154406 |   0.0 |       0 |      77 |   0.0 |  1010
        Tomb:2 |       0 |   57205 |   0.0 |       0 |      58 |   0.0 |   546
        Tomb:3 |       0 |  110652 |   0.0 |       0 |      84 |   0.0 |  1803
      Depths:1 |       0 |   50802 |   0.0 |       0 |      42 |   0.0 |   967
      Depths:3 |       0 |    2022 |   0.0 |       0 |       2 |   0.0 |    16
      Depths:4 |       0 |   48886 |   0.0 |       0 |      34 |   0.0 |   373
      Depths:5 |       0 |   43150 |   0.0 |       0 |      37 |   0.0 |   125
          Hell |       0 |   33646 |   0.0 |       0 |      52 |   0.0 |   817
         Dis:1 |       0 |     456 |   0.0 |       0 |       1 |   0.0 |     9
         Dis:2 |       0 |   13809 |   0.0 |       0 |      33 |   0.0 |    16
         Dis:4 |       0 |    6050 |   0.0 |       0 |      18 |   0.0 |    32
         Dis:5 |       0 |   45160 |   0.0 |       0 |      60 |   0.0 |   228
         Dis:6 |       0 |   33876 |   0.0 |       0 |      43 |   0.0 |   366
         Dis:7 |       0 |  150671 |   0.0 |       0 |     139 |   0.0 |  1056
         Zot:1 |       0 |    8058 |   0.0 |       0 |       3 |   0.0 |   367
         Zot:2 |       0 |   32573 |   0.0 |       0 |      20 |   0.0 |   314
         Zot:3 |       0 |   62218 |   0.0 |       0 |      37 |   0.0 |   226
         Zot:4 |       0 |   34242 |   0.0 |       0 |      18 |   0.0 |  1235
         Zot:5 |       0 |  252204 |   0.0 |       0 |      87 |   0.0 |  1747
         Zig:1 |       0 |    1378 |   0.0 |       0 |       2 |   0.0 |   120
         Zig:2 |       0 |    1065 |   0.0 |       0 |       3 |   0.0 |   100
         Zig:3 |       0 |    4265 |   0.0 |       0 |       4 |   0.0 |   126
         Zig:4 |       0 |    4709 |   0.0 |       0 |       6 |   0.0 |    22
         Zig:5 |       0 |    7078 |   0.0 |       0 |       8 |   0.0 |    86
         Zig:6 |       0 |    8102 |   0.0 |       0 |      16 |   0.0 |    48
         Zig:7 |       0 |    6454 |   0.0 |       0 |      18 |   0.0 |    81
         Zig:8 |       0 |    9779 |   0.0 |       0 |      16 |   0.0 |    93
         Zig:9 |       0 |   19628 |   0.0 |       0 |      11 |   0.0 |   403
        Zig:10 |       0 |   38134 |   0.0 |       0 |      23 |   0.0 |   130
        Zig:11 |       0 |   27367 |   0.0 |       0 |      16 |   0.0 |    93
        Zig:12 |       0 |   19682 |   0.0 |       0 |      23 |   0.0 |    58
        Zig:13 |       0 |   25087 |   0.0 |       0 |      24 |   0.0 |   110
        Zig:14 |       0 |   31195 |   0.0 |       0 |      21 |   0.0 |   391
        Zig:15 |       0 |   67452 |   0.0 |       0 |      21 |   0.0 |    83
        Zig:16 |       0 |    5617 |   0.0 |       0 |       4 |   0.0 |    46
           Lab |       0 |    1535 |   0.0 |       0 |       4 |   0.0 |   437
         IceCv |       0 |   11298 |   0.0 |       0 |      58 |   0.0 |   982
               +---------+---------+-------+---------+---------+-------+---------
